 Dungeon Crawl Stone Soup version 0.24-a0-446-g87df7205b4 (webtiles) character file.

Game seed: 17146166935077537701

134 Gynju the Skirmisher (level 4, -3/37 HPs)
             Began as a Demonspawn Fighter on June 24, 2019.
             Slain by a river rat (4 damage)
             ... in a sewer.
             The game lasted 00:04:56 (2253 turns).

Gynju the Skirmisher (Demonspawn Fighter)           Turns: 2253, Time: 00:04:57

Health: -3/37      AC:  6    Str: 16    XL:     4   Next: 95%
Magic:  4/4        EV:  5    Int:  9    God:
Gold:   128        SH:  9    Dex: 14    Spells: 3/3 levels left

rFire    . . .     SeeInvis .   l - +2 dagger (freeze)
rCold    . . .     Gourm    .   c - +0 shield
rNeg     . . .     Faith    .   b - +0 scale mail
rPois    .         Spirit   .   (no helmet)
rElec    .         Reflect  .   (no cloak)
rCorr    .         Harm     .   (no gloves)
MR       .....                  (no boots)
Stlth    ..........             (no amulet)
HPRegen  0.12/turn              (no ring)
MPRegen  0.09/turn              (no ring)

@: constricted, very slow
A: foul stench 1, rot immunity
a: no special abilities


You were in a sewer.
You were not hungry.

You visited 1 branch of the dungeon, and saw 3 of its levels.
You also visited: Sewer.

You collected 128 gold pieces.

Inventory:

Hand Weapons
 a - a +0 rapier
 l - a +2 dagger of freezing (weapon)
Missiles
 g - 54 stones (quivered)
Armour
 b - a +0 scale mail (worn)
 c - a +0 shield (worn)
Scrolls
 h - a scroll of enchant armour {unknown}
 j - 2 scrolls of amnesia {unknown}
 k - 2 scrolls of remove curse {unknown}
 n - 4 scrolls of teleportation {unknown}
 o - 3 scrolls of immolation {unknown}
 r - 3 scrolls of magic mapping {unknown}
 s - a scroll of fear {unknown}
 t - a scroll of fog {unknown}
Potions
 d - 3 potions of might
 e - a potion of resistance {unknown}
 i - a potion of degeneration {unknown}
 m - a potion of flight {unknown}
 p - a potion of curing {unknown}
Comestibles
 f - 3 rations
 q - 2 chunks of flesh


   Skills:
 + Level 3.8 Fighting
 - Level 1.7 Short Blades
 + Level 3.4 Armour
 + Level 2.0 Dodging
 + Level 3.4 Shields


You had 3 spell levels left.
You didn't know any spells.
Your spell library was empty.

Dungeon Overview and Level Annotations

Branches:
Dungeon (3/15)

Altars:
Kikubaaqudgha


Innate Abilities, Weirdness & Mutations

You may emit foul miasma when damaged in melee.
You are immune to rotting.


Message History

The ball python constricts you. The river rat bites you!
* * * LOW HITPOINT WARNING * * *
The river rat looks sick.
The river rat bites you.
* * * LOW HITPOINT WARNING * * *
You escape the ball python's grasp.
You block the river rat's attack. x2
The adder bites you.
* * * LOW HITPOINT WARNING * * *
The adder looks sick.
The ball python closely misses you. The ball python grabs you.
The ball python constricts you.
The river rat bites you but does no damage.
The ball python barely misses you. The river rat bites you.
* * * LOW HITPOINT WARNING * * *
You escape the ball python's grasp.
You block the adder's attack.
The ball python bites you but does no damage.
The ball python looks sick.
You block the ball python's attack. The river rat barely misses you.
You block the river rat's attack. The ball python barely misses you.
The ball python grabs you. The ball python constricts you.
The adder bites you but does no damage. The river rat bites you.
You die...

#####
######...######
##.............##
##...............#
#.........#÷......
##......##'##......
#......##..###.....
##≈≈..###..# ##..≈≈
#S@S≈≈≈##### #≈≈≈≈≈
#Srr≈≈≈# #≈≈≈÷≈
#rr≈≈≈≈# #≈≈≈≈≈
#≈r≈r≈≈# #≈≈≈≈≈
#≈≈r≈≈≈# #≈≈≈≈≈
#≈≈≈r≈≈# #≈≈≈≈≈
#≈≈r≈≈≈# #≈≈≈≈≈
##r≈≈≈≈# #≈≈≈≈≈
#≈≈.(≈≈# #.≈#≈≈


You could see an adder, 5 river rats, 2 ball pythons and 5 rats.

Vanquished Creatures
  A hound skeleton (D:2)
  4 adders
  A river rat (D:3)
  An ooze (D:1)
  2 dart slugs
  2 bat zombies (D:2)
  4 giant cockroaches
  11 goblins
  3 hobgoblins
  2 jackals (D:2)
  4 kobolds
  A quokka (D:2)
  4 ball pythons
  5 bats
  3 frilled lizards
  25 rats
73 creatures vanquished.

Notes
Turn   | Place    | Note
-------+----------+-------------------------------------------
     0 | D:1      | Gynju the Demonspawn Fighter began the quest for the Orb.
     0 | D:1      | Reached XP level 1. HP: 18/18 MP: 1/1
   105 | D:1      | Gained mutation: You are immune to rotting. [demonic
                  | ancestry]
   105 | D:1      | Reached XP level 2. HP: 14/24 MP: 2/2
   357 | D:1      | Reached skill level 1 in Dodging
   471 | D:1      | Gained mutation: You may emit foul miasma when damaged in
                  | melee. [demonic ancestry]
   471 | D:1      | Reached XP level 3. HP: 26/29 MP: 3/3
   982 | D:2      | Reached XP level 4. HP: 29/35 MP: 4/4
  1486 | D:2      | Found an ancient bone altar of Kikubaaqudgha.
  1699 | D:3      | Found a glowing drain.
  1740 | Sewer    | Entered a sewer
  2252 | Sewer    | HP: 1/37 [river rat (2)]
  2253 | Sewer    | Slain by a river rat

Levels and vault maps discovered:
D:1:      nzn_arrival_crosshair, layout_rooms
D:2:      layout_basic, lemuel_zombie_altar_kikubaaqudgha
D:3:      layout_loops_ring, lemuel_coloured_pillars_altar, lemuel_doored_altar,
          old_standard_altar, first_ration, gammafunk_ghost_necromancy,
          portal_sewer_entry_a, minivault_26,
          nicolae_ru_great_annihilating_truth, uniq_sigmund, uniq_ijyb
Sewer:    sewer_minmay_w

Skill      XL: |  1  2  3  4 |
---------------+-------------+-----
Armour         | 3 |  3.4
Shields        | 3 |  3.4
Dodging        | 1 2 |  2.0
Fighting       | |  3.8
Short Blades   | |  1.7

Action                   |  1- 3 |  4- 6 || total
-------------------------+-------+-------++-------
Melee: Rapier            |    91 |       ||    91
       Dagger            |    46 |   131 ||   177
  Eat: Chunk             |       |     5 ||     5
Armor: Scale mail        |    56 |    66 ||   122
Dodge: Dodged            |    40 |    51 ||    91
Block: Shield            |    46 |    85 ||   131

Table legend:
 A = Non-vault XP
 B = Vault XP
 C = Vault XP percentage of total XP
 D = Non-vault monster count
 E = Vault monster count
 F = Vault count percentage of total count
                 A         B        C        D         E       F
            +---------+---------+-------+---------+---------+-------
      Total |     122 |      70 |  36.5 |      45 |      28 |  38.4
            +---------+---------+-------+---------+---------+-------
        D:1 |      44 |       0 |   0.0 |      24 |       0 |   0.0
        D:2 |      78 |       4 |   4.9 |      21 |       2 |   8.7
        D:3 |       0 |      19 | 100.0 |       0 |       5 | 100.0
      Sewer |       0 |      47 | 100.0 |       0 |      21 | 100.0
            +---------+---------+-------+---------+---------+-------
